 Dungeon Crawl Stone Soup version 0.28-a0-751-gef3a642a4e (webtiles) character file.

Game seed: 9446877964184709479

22 dosdet the Chiller (level 3, 0/24 HPs)
             Began as a Human Ice Elementalist on Oct 30, 2021.
             Was a Follower of Zin.
             Slain by a bat (1 damage)
             ... on level 2 of the Dungeon.
             The game lasted 00:15:13 (1704 turns).

dosdet the Chiller (Human Ice Elementalist)         Turns: 1704, Time: 00:15:14

Health: 0/24       AC:  5    Str:  8    XL:     3   Next: 7%
Magic:  6/6        EV: 10    Int: 15    God:    Zin [*.....]
Gold:   42         SH:  0    Dex: 14    Spells: 5/6 levels left

rFire   . . .      SeeInvis .   f - +0 dagger
rCold   . . .      Faith    .   (no shield)
rNeg    . . .      Spirit   .   c - +0 ring mail
rPois   .          Reflect  .   (no helmet)
rElec   .          Harm     .   (no cloak)
rCorr   .          Rampage  .   (no gloves)
Will    .....                   (no boots)
Stlth   +.........              (no amulet)
HPRegen 0.08/turn               (no ring)
MPRegen 0.10/turn               (no ring)

@: no status effects
A: no striking features
a: Renounce Religion, Recite, Donate Gold


You were on level 2 of the Dungeon.
You worshipped Zin.
Zin was aware of your devotion.
You visited 1 branch of the dungeon, and saw 2 of its levels.

You collected 46 gold pieces.
You donated 4 gold pieces to Zin.

Inventory:

Hand Weapons
 b - a +0 whip
 e - a +0 mace
 f - a +0 dagger (weapon)
 h - a +0 dagger
 i - a +0 club
 j - a +0 dagger
 k - a +0 club
 l - a +0 club
 m - a +0 short sword
Missiles
 d - 51 stones
Armour
 a - a +0 robe
 c - a +0 ring mail (worn)
Scrolls
 g - a scroll of enchant weapon {unknown}


   Skills:
 + Level 0.1 Fighting
 + Level 0.3 Short Blades
 + Level 0.2 Maces & Flails
 + Level 0.7 Armour
 + Level 2.0 Dodging
 + Level 2.0 Stealth
 + Level 2.0 Spellcasting
 + Level 4.5 Ice Magic


You had 5 spell levels left.
You knew the following spells:

 Your Spells              Type           Power      Damage    Failure   Level
a - Freeze                Ice            60%        1d8       11%         1

Your spell library contained the following spells:

 Spells                   Type           Power      Damage    Failure   Level
 Frozen Ramparts          Ice            30%        1d5       32%         3
 Ozocubu's Armour         Ice            15%        N/A       32%         3
 Animate Skeleton         Necr           2%         N/A       56%         1
 Pain                     Necr           4%         1d4       56%         1
 Vampiric Draining        Necr           0%         2d6       90%         3
 Hailstorm                Conj/Ice       8%         3d4       95%         4


Dungeon Overview and Level Annotations

Branches:
Dungeon (2/15)

Altars:
Zin


Message History

You hit the endoplasm but do no damage.
The endoplasm is heavily wounded.
The bat hits you but does no damage. The endoplasm closely misses you.
You completely miss the endoplasm.
The endoplasm is heavily wounded.
The bat barely misses you.
The endoplasm hits you but does no damage.
You hit the endoplasm.
The endoplasm is almost dead.
The bat barely misses you.
The endoplasm hits you but does no damage.
You hit the endoplasm.
You kill the endoplasm!
You miss the bat. The bat hits you but does no damage.
The bat hits you but does no damage. The bat hits you but does no damage.
The bat barely misses you.
A bat is nearby!
A bat is nearby!
A bat is nearby!
The bat hits you but does no damage.
You barely miss the bat. The bat barely misses you.
Your ring mail prevents you from hitting the bat.
The bat closely misses you. The bat hits you but does no damage.
You miss the bat. The bat hits you.
* * * LOW HITPOINT WARNING * * *
The bat hits you but does no damage.
You miss the bat. The bat hits you but does no damage. The bat misses you.
The bat barely misses you.
You barely miss the bat. The bat hits you but does no damage.
The bat hits you but does no damage. The bat hits you but does no damage.
The bat hits you but does no damage. x2
You closely miss the bat. The bat hits you.
* * * LOW HITPOINT WARNING * * *
The bat closely misses you.
You barely miss the bat. The bat hits you.
* * * LOW HITPOINT WARNING * * *
The bat hits you.
You die...

###..# #.# .# #....#
#.# .# #.#..####.# .#
#.#..##...####.# #
#.#............#..#.#
#.#....<............#
#.#####.########.##.#
#.# #.# #
#.#####@#####
#.#...b.....#
#.#.........####
#.#.............
#.#.........#####
#..†.....#.......
###.........###
#.........#
#.........#


You could see a bat.

Vanquished Creatures
  An adder (D:2)
  3 endoplasms (D:2)
  A giant cockroach (D:1)
  2 goblins
  A hobgoblin (D:1)
  2 ball pythons (D:1)
  A kobold (D:2)
  2 rats (D:1)
13 creatures vanquished.

Vanquished Creatures (others)
  2 fungi (D:1)
2 creatures vanquished.

Grand Total: 15 creatures vanquished

Notes
Turn   | Place    | Note
-------+----------+-------------------------------------------
     0 | D:1      | dosdet the Human Ice Elementalist began the quest for the
                  | Orb.
     0 | D:1      | Reached XP level 1. HP: 13/13 MP: 3/3
   159 | D:1      | Found a faded altar of an unknown god.
   277 | D:1      | Prayed at the altar of an unknown god.
   277 | D:1      | Became a worshipper of Zin the Law-Giver
   277 | D:1      | Reached * piety under Zin
   494 | D:1      | Reached XP level 2. HP: 12/19 MP: 5/5
  1546 | D:2      | Reached XP level 3. HP: 24/24 MP: 6/6
  1703 | D:2      | HP: 1/24 [bat (1)]
  1704 | D:2      | Slain by a bat

Illustrated notes

Levels and vault maps discovered:
D:1:      moated_graveyard_arrival, layout_basic,
          shapermc_ecumenical_altar_petra, amcnicky_mini_rare_corridor_liquid
D:2:      minmay_evil_eye, layout_loops_ring

Action                   || total
-------------------------++-------
Melee: Dagger            ||    77
       Whip              ||    16
 Cast: Freeze            ||     6
  Use: Scroll            ||     1
Armor: Ring mail         ||    98
Dodge: Dodged            ||    82

Table legend: (Time is in decaauts)
 A = Elapsed time spent in this place.
 B = Non-inter-level travel time spent in this place.
 C = Inter-level travel time spent in this place.
 D = Time resting spent in this place.
 E = Time spent auto-exploring this place.
 F = Levels seen in this place.
 G = Mean time per level.
                   A        B        C        D        E       F      G
               +--------+--------+--------+--------+--------+-----+--------+
         Total |   1704 |   1704 |      0 |    756 |      0 |   2 |  852.0 |
       Dungeon |   1704 |   1704 |      0 |    756 |      0 |   2 |  852.0 |
               +--------+--------+--------+--------+--------+-----+--------+

Top non-repeatable levels by time:
     D:1: 1078 daAuts
     D:2: 625 daAuts
